 Dungeon Crawl Stone Soup version 0.31.0-9-g3a7656b989 (webtiles) character file.

Game seed: 5654886555847391259

18 qw the Shooter (level 2, -3/16 HPs)
             Began as a Deep Elf Hunter on Feb 2, 2024.
             Slain by Terence
             ... wielding a +0 short sword
              (5 damage)
             ... on level 2 of the Dungeon.
             The game lasted 00:00:01 (764 turns).

qw the Shooter (Deep Elf Hunter)                     Turns: 764, Time: 00:00:02

Health: -3/16      AC:  3    Str:  8    XL:     2   Next: 48%
Magic:  4/4        EV: 12    Int: 13    God:
Gold:   47         SH:  0    Dex: 18    Spells: 1/1 levels left

rFire   . . .        a - +0 shortbow
rCold   . . .        (shield currently unavailable)
rNeg    . . .        c - +0 leather armour
rPois   .            (no helmet)
rElec   .            (no cloak)
rCorr   .            (no gloves)
SInv    .            (no boots)
Will    .....        (no amulet)
Stlth   ++           (no ring)
HPRegen 0.22/turn    (no ring)
MPRegen 0.09/turn

%: no passive effects
@: no status effects
A: no striking features
a: no special abilities


You were on level 2 of the Dungeon.
You visited 1 branch of the dungeon, and saw 2 of its levels.

You collected 47 gold pieces.


   Skills:
 - Level 1.5 Fighting
 + Level 6.3 Ranged Weapons
 - Level 2.4 Dodging
 - Level 1.2 Stealth


You had one spell level left.
You didn't know any spells.
Your spell library was empty.

Inventory:

Hand Weapons
 a - a +0 shortbow (weapon)
Armour
 c - a +0 leather armour (worn)
Potions
 g - a potion of brilliance {unknown}

Dungeon Overview and Level Annotations

Branches:
Dungeon (2/15)

Altars:

Shops:
D:1 !(*!

Annotations:
D:2 Terence


Message History

Found a plate armour.
You see here a +0 plate armour.
A quokka comes into view.
Found a sling.
You shoot an arrow. The arrow hits the quokka.
The quokka is moderately wounded.
You shoot an arrow. The arrow closely misses the quokka.
You shoot an arrow. The arrow hits the quokka.
The quokka is severely wounded.
Terence the Incautious comes into view.
He is wielding a +0 short sword.
Found a masterwork dagger.
Terence shouts!
You shoot an arrow. The arrow hits the quokka.
You kill the quokka!
You shoot an arrow. The arrow hits Terence.
Terence is lightly wounded.
You shoot an arrow. The arrow hits Terence.
Terence is moderately wounded.
You shoot an arrow. The arrow hits Terence.
Terence is heavily wounded.
You shoot an arrow. The arrow hits Terence.
Terence is heavily wounded.
Terence hits you with a +0 short sword!
You shoot an arrow. The arrow hits Terence.
Terence is almost dead.
Terence hits you with a +0 short sword.
You shoot an arrow.
The arrow hits Terence but does no damage.
Terence is almost dead.
Terence hits you with a +0 short sword.
You shoot an arrow. The arrow closely misses Terence.
Terence hits you with a +0 short sword.
You shoot an arrow.
The arrow hits Terence but does no damage.
Terence is almost dead.
Terence misses you.
You shoot an arrow. The arrow closely misses Terence.
Terence hits you with a +0 short sword.
You die...
Terence says, "That felt goooood."

..... ####
#... ...#.
#..#
...##..#
#.....# #
#.#..###.#
#........#
###.#.####
#.#@#
#.#@.......
#[#.)......
#.##.......
#.# ......)
#.# .......
#..# #.#
.......
#..# #.#
.......
#..# #.#


You could see Terence.

Vanquished Creatures
  A dart slug (D:1)
  4 bats (D:1)
  2 endoplasms (D:1)
  2 hobgoblins (D:1)
  2 kobolds (D:1)
  A quokka (D:2)
  A ball python (D:1)
  A frilled lizard (D:1)
  A goblin (D:1)
  A rat (D:1)
16 creatures vanquished.

Notes
Turn   | Place    | Note
-------+----------+-------------------------------------------
     0 | D:1      | qw the Deep Elf Hunter began the quest for the Orb.
     0 | D:1      | Reached XP level 1. HP: 12/12 MP: 3/3
     0 | D:1      | 0 ||| qw: Version: 0.3-a-155-g5e7d8dd
     0 | D:1      | 0 ||| qw: Game counter: 2075
     0 | D:1      | 0 ||| qw: Melee chars always use a shield: true
     0 | D:1      | 0 ||| qw: God list: Okawaru
     0 | D:1      | 0 ||| qw: Allow faded altars: false
     0 | D:1      | 0 ||| qw: Do Orc after clearing Dungeon:15 true
     0 | D:1      | 0 ||| qw: Do second Lair branch before Depths: true
     0 | D:1      | 0 ||| qw: Lair rune preference: random
     0 | D:1      | 0 ||| qw: Goals: Normal
     0 | D:1      | 0 ||| PLANNING D:1-11
    60 | D:1      | Found Ofia's General Store.
    66 | D:1      | 66 ||| SHOPLISTING +0 ring mail (52 gold, have 16).
    66 | D:1      | 66 ||| SHOPLISTING potion of curing (39 gold, have 16).
    70 | D:1      | Found Xishris's Distillery.
    89 | D:1      | 89 ||| SHOPLISTING potion of cancellation (80 gold, have
                  | 16).
    89 | D:1      | 89 ||| SHOPLISTING potion of curing (30 gold, have 16).
    89 | D:1      | 89 ||| SHOPLISTING potion of haste (100 gold, have 16).
    89 | D:1      | 89 ||| SHOPLISTING potion of resistance (100 gold, have
                  | 16).
   256 | D:1      | Reached XP level 2. HP: 16/16 MP: 4/4
   277 | D:1      | Reached skill level 6 in Ranged Weapons
   353 | D:1      | Found Plog's Antique Weapon Shop.
   430 | D:1      | Found Don Ocuf's Distillery.
   434 | D:1      | 434 ||| SHOPLISTING potion of cancellation (112 gold, have
                  | 36).
   434 | D:1      | 434 ||| SHOPLISTING potion of curing (42 gold, have 36).
   434 | D:1      | 434 ||| SHOPLISTING potion of haste (140 gold, have 36).
   434 | D:1      | 434 ||| SHOPLISTING potion of heal wounds (70 gold, have
                  | 36).
   574 | D:1      | 574 ||| READING 2 scrolls labelled TEBYUG CAISA.
   575 | D:1      | 575 ||| READING scroll labelled ULAYSENERA.
   575 | D:1      | 575 ||| IDENTIFYING inky potion
   576 | D:1      | 576 ||| READING scroll labelled OTUHIU LOILIUBI.
   677 | D:1      | 677 ||| DROPPING scroll of butterflies.
   678 | D:1      | 678 ||| DROPPING scroll of fear.
   679 | D:1      | 679 ||| DROPPING potion of magic.
   754 | D:2      | Noticed Terence
   762 | D:2      | HP: 1/16 [Terence/+0 short sword (5)]
   764 | D:2      | Slain by Terence

Levels and vault maps discovered:
D:1:      amcnicky_arrival_choice, layout_loops_cross, serial_shops,
          nicolae_shop_temple_entry_statues_fountains, shop, shop, shop
D:2:      layout_basic, st_stairs_5, uniq_terence

Skill      XL: |  1  2 |
---------------+-------+-----
Ranged Weapons | 6 |  6.3
Fighting       | |  1.5
Dodging        | |  2.4
Stealth        | |  1.2

Action                     || total
---------------------------++-------
   Fire: Shortbow          ||    40
    Use: Scroll            ||     3
 Armour: Leather armour    ||     7
  Dodge: Dodged            ||     8

Table legend:
 A = Non-vault XP
 B = Vault XP
 C = Vault XP percentage of total XP
 D = Non-vault monster count
 E = Vault monster count
 F = Vault count percentage of total count
                 A         B        C        D         E       F
            +---------+---------+-------+---------+---------+-------
      Total |      26 |       0 |   0.0 |      16 |       0 |   0.0
            +---------+---------+-------+---------+---------+-------
        D:1 |      24 |       0 |   0.0 |      15 |       0 |   0.0
        D:2 |       2 |       0 |   0.0 |       1 |       0 |   0.0
            +---------+---------+-------+---------+---------+-------
